VANCOUVER vs WINNIPEG

Created - February-23-21 at 16:54

Goals
1 2 3 T
VANCOUVER 2 1 2 5
WINNIPEG 0 2 1 3
Shots
1 2 3 T
VANCOUVER 14 8 12 34
WINNIPEG 9 7 6 22

1st period

1. VANCOUVER , Melker Karlsson 6 (Jakub Vrana 11, Hampus Lindholm 13) at 15:47
2. VANCOUVER , Erik Johnson 4 (Nazem Kadri 11, Mark Stone 10) at 16:04 (PP)

Penalties :
Olli Maatta (WPG) for Fighting (Major) at 11:07, Luca Sbisa (VAN) for Fighting (Major) at 11:07, Marcus Pettersson (WPG) for Hooking (Minor) at 15:54, J.T. Miller (WPG) for Hooking (Minor) at 16:51, Marcus Pettersson (WPG) for Holding (Minor) at 18:24

2nd period

3. WINNIPEG , Alex Ovechkin 9 (Chris Tanev 9, J.T. Miller 14) at 3:48
4. VANCOUVER , Nikolaj Ehlers 10 (Sami Vatanen 12, Zach Parise 13) at 4:41 (PP)
5. WINNIPEG , Alex Ovechkin 10 (J.T. Miller 15, Sidney Crosby 11) at 10:47

Penalties :
Justin Braun (WPG) for Holding (Minor) at 4:05

3rd period

6. VANCOUVER , Zach Parise 9 (Nick Schmaltz 8, Hampus Lindholm 14) at 2:32
7. VANCOUVER , Jonathan Huberdeau 13 (Ryan Ellis 19) at 12:39
8. WINNIPEG , Loui Eriksson 1 (Marcus Pettersson 12, Alex Ovechkin 15) at 17:31

Penalties :
J.T. Miller (WPG) for Hooking (Minor) at 8:34, TJ Brodie (VAN) for Hooking (Minor) at 19:03

Goalie Stats

Petr Mrazek (VAN), 19 saves from 22 shots - (0.864), W, 11-12-3, 60:00 minutes
Connor Hellebuyck (WPG), 29 saves from 34 shots - (0.853), L, 11-7-2, 60:00 minutes

Players Stats for VANCOUVER

Player Name              G  A  P  +/- PIM S  H  SB GA TA FO     MP     PP MP  PK MP  
------------------------------------------------------------------------------------
Alex Steen               0  0  0   0  0   2  0  0  0  0  0/0     6:52   0:00   0:31 
Erik Johnson             1  0  1   0  0   5  5  1  0  0  0/0    25:22   3:22   0:25 
Hampus Lindholm          0  2  2   0  0   1  1  1  0  0  0/0    22:26   2:55   0:00 
Jakub Vrana              0  1  1   0  0   3  0  0  0  0  0/1    15:52   0:00   0:00 
Jonathan Huberdeau       1  0  1   0  0   4  2  1  0  0  0/3    18:38   3:22   0:22 
Luca Sbisa               0  0  0   0  5   0  3  0  0  0  0/0    12:11   0:00   0:31 
Mark Stone               0  1  1   0  0   3  1  0  0  0  5/11   24:45   3:22   0:25 
Melker Karlsson          1  0  1   0  0   3  0  0  0  0  0/1    15:52   0:00   0:00 
Nazem Kadri              0  1  1   0  0   1  1  0  0  0  14/26  18:16   3:22   0:00 
Nick Schmaltz            0  1  1   0  0   3  1  0  0  0  8/27   18:35   2:55   0:00 
Nikolaj Ehlers           1  0  1   0  0   2  4  0  0  0  0/2    19:03   2:55   0:28 
Ryan Ellis               0  1  1   0  0   1  4  2  0  0  0/0    24:11   3:22   0:28 
Sami Vatanen             0  1  1   0  0   2  1  0  0  0  0/0    20:55   2:55   0:00 
Sheldon Dries            0  0  0   0  0   0  1  0  0  0  8/13   15:52   0:00   0:00 
TJ Brodie                0  0  0   0  2   0  0  0  0  0  0/0    14:25   0:00   0:00 
Trevor Moore             0  0  0   0  0   0  0  0  0  0  0/0     0:17   0:00   0:00 
Troy Brouwer             0  0  0   0  0   0  1  0  0  0  0/0     6:27   0:00   0:06 
Zach Parise              1  1  2   0  0   4  1  0  0  0  2/5    19:03   2:55   0:28 

Players Stats for WINNIPEG

Player Name              G  A  P  +/- PIM S  H  SB GA TA FO     MP     PP MP  PK MP  
------------------------------------------------------------------------------------
Alex Ovechkin            2  1  3   3  0   4  5  0  0  0  1/3    21:21   0:28   0:00 
Alexander Edler          0  0  0   0  0   2  3  0  0  0  0/0    24:13   0:28   3:32 
Antoine Roussel          0  0  0  -1  0   0  1  0  0  0  2/3    14:20   0:00   1:29 
Chris Tanev              0  1  1   1  0   0  0  2  0  0  0/0    23:41   0:28   2:42 
Dan Hamhuis              0  0  0  -1  0   0  1  0  0  0  0/0     2:15   0:00   1:14 
Drew O'Connor            0  0  0   0  0   0  0  0  0  0  0/0     0:42   0:00   0:00 
J.T. Miller              0  2  2   2  4   0  0  1  0  0  3/4    19:07   0:28   0:39 
Jay Beagle               0  0  0  -2  0   1  1  0  0  0  23/34  22:49   0:28   4:00 
Justin Braun             0  0  0   0  2   1  1  0  0  0  0/0    18:17   0:28   3:07 
Loui Eriksson            1  0  1   1  0   1  0  0  0  0  0/0     3:33   0:00   0:00 
Marcus Pettersson        0  1  1   1  4   1  1  0  0  0  0/0    19:33   0:28   1:54 
Nic Dowd                 0  0  0  -1  0   0  1  1  0  0  6/15   12:51   0:00   0:00 
Olli Maatta              0  0  0  -1  5   0  0  2  0  0  0/0    15:02   0:00   0:04 
Oscar Fantenberg         0  0  0   0  0   0  1  2  0  0  0/0    16:55   0:00   0:00 
Patrick Kane             0  0  0  -2  0   3  1  0  0  0  4/4    18:49   0:28   0:00 
Sidney Crosby            0  1  1   2  0   5  0  0  0  0  9/20   18:39   0:28   0:09 
Tyler Motte              0  0  0  -1  0   0  1  0  0  0  2/3    17:29   0:00   4:38 
Tyler Toffoli            0  0  0  -2  0   4  0  0  0  0  1/1    20:02   0:28   1:13 
Zack MacEwen             0  0  0   1  0   0  2  0  0  0  1/2     3:33   0:00   0:00 

3 Stars

1 - Alex Ovechkin (WPG)
2 - Erik Johnson (VAN)
3 - Zach Parise (VAN)

Power Play

VANCOUVER - 2 on 5 Attempt(s) - 40.00%
WINNIPEG - 0 on 1 Attempt(s) - 0.00%

Penalty Kill

VANCOUVER - 1 on 1 Attempt(s) - 100.00% - Score 0 goal in Penalty Kill
WINNIPEG - 3 on 5 Attempt(s) - 60.00% - Score 0 goal in Penalty Kill

Team Stat

VANCOUVER - Hits : 26 - Faceoff Wins : 37 - Blocked Shots : 5 - Penalty Minutes : 7
WINNIPEG - Hits : 19 - Faceoff Wins : 52 - Blocked Shots : 8 - Penalty Minutes : 15

Official

Referees : Chris Rooney and Ben O'Quinn
Linesman : Derek Wahl and Neil Campbell

Game Notes

Olli Maatta beats up Luca Sbisa at 11:07 of 1st period

Finance

Level 1 -- Attendance: 5891 (98.18%) -- Ticket Income $506,626
Level 2 -- Attendance: 4521 (90.42%) -- Ticket Income $230,571
Level 3 -- Attendance: 2000 (100.00%) -- Ticket Income $2,000
Level 4 -- Attendance: 3838 (95.95%) -- Ticket Income $61,408
Luxury Box -- Attendance: 913 (91.30%) -- Ticket Income $158,862
Game was played at the MTS Centre.
Total Attendance: 17163 (95.35%)
Total Ticket Income: $959,467
Total Income: $959,467

VANCOUVER

5 vs 5 Forward 
   Center                   Left Wing                Right Wing               Time % Phy DF OF 
 1 Nazem Kadri              Jonathan Huberdeau       Mark Stone               35     1   2  2  
 2 Nick Schmaltz            Zach Parise              Nikolaj Ehlers           30     1   2  2  
 3 Sheldon Dries            Jakub Vrana              Melker Karlsson          25     1   2  2  
 4 Mark Stone               Alex Steen               Troy Brouwer             10     1   2  2  

5 vs 5 Defense 
   Defense                  Defense                                           Time % Phy DF OF 
 1 Ryan Ellis               Erik Johnson                                      35     1   2  2  
 2 Hampus Lindholm          Sami Vatanen                                      30     1   2  2  
 3 TJ Brodie                Luca Sbisa                                        25     1   2  2  
 4 Ryan Ellis               Erik Johnson                                      10     1   2  2  

PowerPlay Forward 
   Center                   Left Wing                Right Wing               Time % Phy DF OF 
 1 Nazem Kadri              Jonathan Huberdeau       Mark Stone               60     1   2  2  
 2 Nick Schmaltz            Zach Parise              Nikolaj Ehlers           40     1   2  2  

PowerPlay Defense
   Defense                  Defense                                           Time % Phy DF OF 
 1 Ryan Ellis               Erik Johnson                                      60     1   2  2  
 2 Hampus Lindholm          Sami Vatanen                                      40     1   2  2  

Penalty Kill 4 Players Forward 
   Center                   Wing                     Time % Phy DF OF 
 1 Mark Stone               Jonathan Huberdeau       60     1   2  2  
 2 Zach Parise              Nikolaj Ehlers           40     1   2  2  

Penalty Kill 4 Players Defense
   Defense                  Defense                  Time % Phy DF OF 
 1 Ryan Ellis               Erik Johnson             60     1   2  2  
 2 Hampus Lindholm          Sami Vatanen             40     1   2  2  

Penalty Kill - 3 Players Forward 
   Forward                                           Time % Phy DF OF 
 1 Mark Stone                                        60     1   2  2  
 2 Jonathan Huberdeau                                40     1   2  2  

Penalty Kill - 3 Players Defense
   Defense                  Defense                  Time % Phy DF OF 
 1 Ryan Ellis               Erik Johnson             60     1   2  2  
 2 Hampus Lindholm          Sami Vatanen             40     1   2  2  

4 vs 4 Forward 
   Center                   Wing                     Time % Phy DF OF 
 1 Mark Stone               Jonathan Huberdeau       60     1   2  2  
 2 Zach Parise              Nikolaj Ehlers           40     1   2  2  

4 vs 4 Defense
   Defense                  Defense                  Time % Phy DF OF 
 1 Ryan Ellis               Erik Johnson             60     1   2  2  
 2 Hampus Lindholm          Sami Vatanen             40     1   2  2  

Last Minutes Offensive
   Center                   Left Wing                Right Wing               Defense                  Defense                  
   Nazem Kadri              Jonathan Huberdeau       Mark Stone               Ryan Ellis               Erik Johnson             

Last Minutes Defensive
   Center                   Left Wing                Right Wing               Defense                  Defense                  
   Nazem Kadri              Jonathan Huberdeau       Mark Stone               Ryan Ellis               Erik Johnson             

Goaltenders
Starting : Petr Mrazek              
Backup : Hunter Miska             

Extra Forwards
Normal : Trevor Moore, Jakub Vrana, Alex Steen - PP : Trevor Moore, Jakub Vrana - PK : Alex Steen
Extra Defensemen
Normal : TJ Brodie, Luca Sbisa, Hampus Lindholm - PP : TJ Brodie - PK : Luca Sbisa, Hampus Lindholm
Penalty Shots
Mark Stone, Jonathan Huberdeau, Zach Parise, Nikolaj Ehlers, Jakub Vrana

Scratches
None

WINNIPEG

5 vs 5 Forward 
   Center                   Left Wing                Right Wing               Time % Phy DF OF 
 1 Jay Beagle               Patrick Kane             Tyler Toffoli            41     1   2  2  
 2 Sidney Crosby            Alex Ovechkin            J.T. Miller              40     1   2  2  
 3 Nic Dowd                 Antoine Roussel          Tyler Motte              15     1   3  1  
 4 Zack MacEwen             Loui Eriksson            Alex Ovechkin            4      1   2  2  

5 vs 5 Defense 
   Defense                  Defense                                           Time % Phy DF OF 
 1 Alexander Edler          Olli Maatta                                       35     1   2  2  
 2 Chris Tanev              Marcus Pettersson                                 33     1   2  2  
 3 Oscar Fantenberg         Justin Braun                                      22     1   2  2  
 4 Alexander Edler          Chris Tanev                                       10     1   2  2  

PowerPlay Forward 
   Center                   Left Wing                Right Wing               Time % Phy DF OF 
 1 Sidney Crosby            Alex Ovechkin            Tyler Toffoli            60     0   2  3  
 2 Jay Beagle               Patrick Kane             J.T. Miller              40     0   2  3  

PowerPlay Defense
   Defense                  Defense                                           Time % Phy DF OF 
 1 Alexander Edler          Justin Braun                                      60     0   2  3  
 2 Chris Tanev              Marcus Pettersson                                 40     1   2  2  

Penalty Kill 4 Players Forward 
   Center                   Wing                     Time % Phy DF OF 
 1 Jay Beagle               Tyler Motte              60     0   3  2  
 2 J.T. Miller              Tyler Toffoli            40     0   3  2  

Penalty Kill 4 Players Defense
   Defense                  Defense                  Time % Phy DF OF 
 1 Alexander Edler          Justin Braun             60     1   4  0  
 2 Chris Tanev              Marcus Pettersson        40     1   4  0  

Penalty Kill - 3 Players Forward 
   Forward                                           Time % Phy DF OF 
 1 Jay Beagle                                        60     1   2  2  
 2 Tyler Motte                                       40     1   2  2  

Penalty Kill - 3 Players Defense
   Defense                  Defense                  Time % Phy DF OF 
 1 Alexander Edler          Olli Maatta              60     1   4  0  
 2 Chris Tanev              Marcus Pettersson        40     1   4  0  

4 vs 4 Forward 
   Center                   Wing                     Time % Phy DF OF 
 1 J.T. Miller              Patrick Kane             60     1   2  2  
 2 Sidney Crosby            Alex Ovechkin            40     1   2  2  

4 vs 4 Defense
   Defense                  Defense                  Time % Phy DF OF 
 1 Alexander Edler          Justin Braun             60     1   2  2  
 2 Chris Tanev              Marcus Pettersson        40     1   2  2  

Last Minutes Offensive
   Center                   Left Wing                Right Wing               Defense                  Defense                  
   Sidney Crosby            Alex Ovechkin            J.T. Miller              Patrick Kane             Tyler Toffoli            

Last Minutes Defensive
   Center                   Left Wing                Right Wing               Defense                  Defense                  
   Jay Beagle               Tyler Motte              Nic Dowd                 Alexander Edler          Chris Tanev              

Goaltenders
Starting : Connor Hellebuyck        
Backup : Louis Domingue           

Extra Forwards
Normal : Drew O'Connor, Loui Eriksson, Antoine Roussel - PP : Antoine Roussel, Loui Eriksson - PK : Antoine Roussel
Extra Defensemen
Normal : Oscar Fantenberg, Dan Hamhuis, Chris Tanev - PP : Oscar Fantenberg - PK : Dan Hamhuis, Chris Tanev
Penalty Shots
Alex Ovechkin, Patrick Kane, Sidney Crosby, J.T. Miller, Tyler Toffoli

Scratches
None


% Time on Ice - VANCOUVER

Lines # - Real PCT - Wanted PCT - Time Play
Normal Forward
1 - 28% - 35% - 14:54
2 - 30% - 30% - 15:40
3 - 30% - 25% - 15:52
4 - 12% - 10% - 6:21
Normal Defense
1 - 32% - 35% - 17:03
2 - 34% - 30% - 18:00
3 - 27% - 25% - 14:26
4 - 6% - 10% - 3:18
PP Forward
1 - 54% - 60% - 3:22
2 - 46% - 40% - 2:55
PP Defense
1 - 54% - 60% - 3:22
2 - 46% - 40% - 2:55
PK Forward
1 - 50% - 60% - 0:28
2 - 50% - 40% - 0:28
PK Defense
1 - 100% - 60% - 0:56
2 - 0% - 40% - 0:00
PK3 Forward
1 - 0% - 60%
2 - 0% - 40%
PK3 Defense
1 - 0% - 60%
2 - 0% - 40%
44 Forward
1 - 0% - 60%
2 - 0% - 40%
44 Defense
1 - 0% - 60%
2 - 0% - 40%
Last Minute Offensive  - 0:00
Last Minute Defensive  - 0:00
Total
Forward - 60:00
Defense - 60:00

% Time on Ice - WINNIPEG

Lines # - Real PCT - Wanted PCT - Time Play
Normal Forward
1 - 35% - 41% - 18:21
2 - 34% - 40% - 18:02
3 - 24% - 15% - 12:51
4 - 7% - 4% - 3:33
Normal Defense
1 - 33% - 35% - 17:33
2 - 33% - 33% - 17:12
3 - 28% - 22% - 14:43
4 - 6% - 10% - 3:19
PP Forward
1 - 50% - 60% - 0:28
2 - 50% - 40% - 0:28
PP Defense
1 - 50% - 60% - 0:28
2 - 50% - 40% - 0:28
PK Forward
1 - 79% - 60% - 4:38
2 - 21% - 40% - 1:13
PK Defense
1 - 60% - 60% - 3:31
2 - 40% - 40% - 2:20
PK3 Forward
1 - 100% - 60% - 0:26
2 - 0% - 40% - 0:00
PK3 Defense
1 - 15% - 60% - 0:04
2 - 85% - 40% - 0:22
44 Forward
1 - 0% - 60%
2 - 0% - 40%
44 Defense
1 - 0% - 60%
2 - 0% - 40%
Last Minute Offensive  - 0:00
Last Minute Defensive  - 0:00
Total
Forward - 60:00
Defense - 60:00

Play-by-Play

1st period


0:01 of 1st period - Nazem Kadri wins face-off versus Jay Beagle in neutral zone.
0:24 of 1st period - Shot by Nazem Kadri.
0:24 of 1st period - Shot Misses the Net.
1:14 of 1st period - Shot by Alex Ovechkin.
1:14 of 1st period - Stopped by Petr Mrazek without a rebound.
1:15 of 1st period - Sheldon Dries wins face-off versus Nic Dowd in VANCOUVER zone.
1:15 of 1st period - Sheldon Dries is hit by Nic Dowd.
1:30 of 1st period - Jakub Vrana is hit by Justin Braun and loses puck.
1:41 of 1st period - Shot by Melker Karlsson.
1:41 of 1st period - Stopped by Connor Hellebuyck without a rebound.
1:42 of 1st period - Sidney Crosby wins face-off versus Nick Schmaltz in WINNIPEG zone.
1:56 of 1st period - Sidney Crosby is hit by Hampus Lindholm and loses puck.
2:49 of 1st period - Shot by Patrick Kane.
2:49 of 1st period - Stopped by Petr Mrazek without a rebound.
2:50 of 1st period - Mark Stone wins face-off versus Nic Dowd in VANCOUVER zone.
3:03 of 1st period - Shot by Mark Stone.
3:03 of 1st period - Shot Misses the Net.
3:31 of 1st period - Shot by Mark Stone.
3:31 of 1st period - Shot Misses the Net.
3:40 of 1st period - Icing by Tyler Motte.
3:41 of 1st period - Nic Dowd wins face-off versus Zach Parise in WINNIPEG zone.
4:09 of 1st period - Icing by Sami Vatanen.
4:10 of 1st period - J.T. Miller wins face-off versus Nick Schmaltz in VANCOUVER zone.
4:40 of 1st period - Shot by Alex Ovechkin.
4:40 of 1st period - Stopped by Petr Mrazek without a rebound.
4:41 of 1st period - Jay Beagle wins face-off versus Jonathan Huberdeau in VANCOUVER zone.
4:41 of 1st period - Alexander Edler is hit by Ryan Ellis and loses puck.
4:53 of 1st period - Icing by Ryan Ellis.
4:54 of 1st period - Zack MacEwen wins face-off versus Nazem Kadri in VANCOUVER zone.
6:08 of 1st period - Icing by TJ Brodie.
6:09 of 1st period - Nic Dowd wins face-off versus Melker Karlsson in VANCOUVER zone.
7:04 of 1st period - Shot by Zach Parise.
7:04 of 1st period - Deflect By Nikolaj Ehlers.
7:04 of 1st period - Stopped by Connor Hellebuyck without a rebound.
7:05 of 1st period - Jay Beagle wins face-off versus Mark Stone in WINNIPEG zone.
7:30 of 1st period - Shot by Erik Johnson.
7:30 of 1st period - Stopped by Connor Hellebuyck with a rebound.
7:38 of 1st period - Shot by Justin Braun.
7:38 of 1st period - Stopped by Petr Mrazek without a rebound.
7:39 of 1st period - Sidney Crosby wins face-off versus Nick Schmaltz in VANCOUVER zone.
7:45 of 1st period - Icing by Hampus Lindholm.
7:46 of 1st period - Nick Schmaltz wins face-off versus Sidney Crosby in VANCOUVER zone.
8:21 of 1st period - Shot by Nick Schmaltz.
8:21 of 1st period - Stopped by Connor Hellebuyck without a rebound.
8:22 of 1st period - Nazem Kadri wins face-off versus Jay Beagle in WINNIPEG zone.
8:35 of 1st period - Shot by Nazem Kadri.
8:35 of 1st period - Stopped by Connor Hellebuyck with a rebound.
8:37 of 1st period - Shot by Erik Johnson.
8:37 of 1st period - Deflect By Mark Stone.
8:37 of 1st period - Shot Misses the Net.
9:01 of 1st period - Shot by Jonathan Huberdeau.
9:01 of 1st period - Stopped by Connor Hellebuyck with a rebound.
9:27 of 1st period - Icing by Oscar Fantenberg.
9:28 of 1st period - Antoine Roussel wins face-off versus Sheldon Dries in WINNIPEG zone.
9:47 of 1st period - Luca Sbisa is hit by Tyler Motte and loses puck.
10:13 of 1st period - Icing by Oscar Fantenberg.
10:14 of 1st period - Nic Dowd wins face-off versus Zach Parise in WINNIPEG zone.
10:14 of 1st period - Nic Dowd is hit by Nikolaj Ehlers.
10:34 of 1st period - Shot by Alex Ovechkin.
10:34 of 1st period - Deflect By Sidney Crosby.
10:34 of 1st period - Stopped by Petr Mrazek without a rebound.
10:35 of 1st period - J.T. Miller wins face-off versus Mark Stone in VANCOUVER zone.
10:35 of 1st period - Alex Ovechkin is hit by Erik Johnson.
11:06 of 1st period - Off-side.
11:07 of 1st period - Sheldon Dries wins face-off versus Jay Beagle in neutral zone.
11:07 of 1st period - Olli Maatta beats up Luca Sbisa.
11:07 of 1st period - Penalty to Olli Maatta for Fighting.
11:07 of 1st period - Penalty to Luca Sbisa for Fighting.
11:08 of 1st period - Sheldon Dries wins face-off versus Jay Beagle in neutral zone.
11:31 of 1st period - Icing by Hampus Lindholm.
11:32 of 1st period - Sheldon Dries wins face-off versus Sidney Crosby in VANCOUVER zone.
12:34 of 1st period - Icing by Patrick Kane.
12:35 of 1st period - Jay Beagle wins face-off versus Nazem Kadri in WINNIPEG zone.
13:02 of 1st period - Shot by Nazem Kadri.
13:02 of 1st period - Shot Misses the Net.
13:27 of 1st period - Off-side.
13:28 of 1st period - Zach Parise wins face-off versus Sidney Crosby in neutral zone.
13:49 of 1st period - Shot by Sidney Crosby.
13:49 of 1st period - Stopped by Petr Mrazek without a rebound.
13:50 of 1st period - Mark Stone wins face-off versus Nic Dowd in VANCOUVER zone.
13:56 of 1st period - Chris Tanev is hit by Sami Vatanen and loses puck.
14:29 of 1st period - Icing by Marcus Pettersson.
14:30 of 1st period - Nick Schmaltz wins face-off versus Tyler Motte in WINNIPEG zone.
14:36 of 1st period - Off-side.
14:37 of 1st period - Sidney Crosby wins face-off versus Nick Schmaltz in neutral zone.
14:39 of 1st period - Off-side.
14:40 of 1st period - Sidney Crosby wins face-off versus Nick Schmaltz in neutral zone.
14:54 of 1st period - Erik Johnson is hit by Alex Ovechkin.
15:12 of 1st period - TJ Brodie is hit by Alex Ovechkin and loses puck.
15:43 of 1st period - Shot by Jakub Vrana.
15:43 of 1st period - Shot Hit the Post.
15:45 of 1st period - Shot by Melker Karlsson.
15:45 of 1st period - Shot Misses the Net.
15:47 of 1st period - Shot by Melker Karlsson.
15:47 of 1st period - Goal by Melker Karlsson - VANCOUVER : 1 - WINNIPEG : 0.
15:48 of 1st period - Nazem Kadri wins face-off versus Nic Dowd in neutral zone.
15:54 of 1st period - Minor Penalty to Marcus Pettersson for Hooking.
15:55 of 1st period - Nazem Kadri wins face-off versus Jay Beagle in WINNIPEG zone.
16:00 of 1st period - Shot by Mark Stone.
16:00 of 1st period - Shot Misses the Net.
16:02 of 1st period - Shot by Nazem Kadri.
16:02 of 1st period - Shot Misses the Net.
16:04 of 1st period - Shot by Erik Johnson.
16:04 of 1st period - Goal by Erik Johnson - VANCOUVER : 2 - WINNIPEG : 0.
16:05 of 1st period - Jay Beagle wins face-off versus Nick Schmaltz in neutral zone.
16:05 of 1st period - Patrick Kane is hit by Nick Schmaltz and loses puck.
16:12 of 1st period - Shot by Tyler Toffoli.
16:12 of 1st period - Stopped by Petr Mrazek without a rebound.
16:13 of 1st period - Sidney Crosby wins face-off versus Nazem Kadri in VANCOUVER zone.
16:13 of 1st period - J.T. Miller is hit by Ryan Ellis and loses puck.
16:33 of 1st period - Shot by Jonathan Huberdeau.
16:33 of 1st period - Stopped by Connor Hellebuyck without a rebound.
16:34 of 1st period - Jay Beagle wins face-off versus Nick Schmaltz in WINNIPEG zone.
16:36 of 1st period - Icing by Patrick Kane.
16:37 of 1st period - Patrick Kane wins face-off versus Nick Schmaltz in WINNIPEG zone.
16:46 of 1st period - Shot by Patrick Kane.
16:46 of 1st period - Shot Blocked by Hampus Lindholm.
16:48 of 1st period - Shot by Jay Beagle.
16:48 of 1st period - Stopped by Petr Mrazek without a rebound.
16:49 of 1st period - Nazem Kadri wins face-off versus Alex Ovechkin in VANCOUVER zone.
16:51 of 1st period - Minor Penalty to J.T. Miller for Hooking.
16:52 of 1st period - Jay Beagle wins face-off versus Nazem Kadri in WINNIPEG zone.
17:01 of 1st period - Shot by Erik Johnson.
17:01 of 1st period - Stopped by Connor Hellebuyck without a rebound.
17:02 of 1st period - Jay Beagle wins face-off versus Nazem Kadri in WINNIPEG zone.
17:17 of 1st period - Shot by Erik Johnson.
17:17 of 1st period - Stopped by Connor Hellebuyck without a rebound.
17:18 of 1st period - Jay Beagle wins face-off versus Nick Schmaltz in WINNIPEG zone.
17:59 of 1st period - Shot by Sami Vatanen.
17:59 of 1st period - Stopped by Connor Hellebuyck without a rebound.
18:00 of 1st period - Jay Beagle wins face-off versus Jonathan Huberdeau in WINNIPEG zone.
18:07 of 1st period - Shot by Alexander Edler.
18:07 of 1st period - Stopped by Petr Mrazek without a rebound.
18:08 of 1st period - Nazem Kadri wins face-off versus Jay Beagle in VANCOUVER zone.
18:24 of 1st period - Minor Penalty to Marcus Pettersson for Holding.
18:25 of 1st period - Jay Beagle wins face-off versus Nick Schmaltz in WINNIPEG zone.
18:52 of 1st period - Alexander Edler is hit by Nikolaj Ehlers and loses puck.
18:59 of 1st period - Shot by Zach Parise.
18:59 of 1st period - Stopped by Connor Hellebuyck without a rebound.
19:00 of 1st period - Antoine Roussel wins face-off versus Jonathan Huberdeau in WINNIPEG zone.
19:00 of 1st period - Antoine Roussel is hit by Mark Stone.
19:14 of 1st period - Shot by Erik Johnson.
19:14 of 1st period - Shot Misses the Net.
19:16 of 1st period - Shot by Jonathan Huberdeau.
19:16 of 1st period - Stopped by Connor Hellebuyck without a rebound.
19:17 of 1st period - Jay Beagle wins face-off versus Nazem Kadri in WINNIPEG zone.
19:23 of 1st period - Icing by Mark Stone.
19:24 of 1st period - Nazem Kadri wins face-off versus Jay Beagle in VANCOUVER zone.
Goals for this period are 2 for VANCOUVER vs 0 for WINNIPEG.
Shots for this period are 14 for VANCOUVER vs 9 for WINNIPEG.

2nd period


0:01 of 2nd period - Nazem Kadri wins face-off versus Jay Beagle in neutral zone.
0:13 of 2nd period - Jonathan Huberdeau is hit by Alexander Edler and loses puck.
1:13 of 2nd period - Off-side.
1:14 of 2nd period - Nazem Kadri wins face-off versus Jay Beagle in neutral zone.
1:27 of 2nd period - Off-side.
1:28 of 2nd period - Nic Dowd wins face-off versus Sheldon Dries in neutral zone.
1:44 of 2nd period - Tyler Motte is hit by Luca Sbisa and loses puck.
2:00 of 2nd period - Tyler Motte is hit by Luca Sbisa and loses puck.
2:14 of 2nd period - Off-side.
2:15 of 2nd period - Jay Beagle wins face-off versus Nazem Kadri in neutral zone.
3:28 of 2nd period - Shot by Sidney Crosby.
3:28 of 2nd period - Stopped by Petr Mrazek with a rebound.
3:42 of 2nd period - Shot by Alex Ovechkin.
3:42 of 2nd period - Shot Blocked by Jonathan Huberdeau.
3:44 of 2nd period - Shot by Alex Ovechkin.
3:44 of 2nd period - Deflect By J.T. Miller.
3:44 of 2nd period - Shot Blocked by Erik Johnson.
3:48 of 2nd period - Shot by Alex Ovechkin.
3:48 of 2nd period - Goal by Alex Ovechkin - VANCOUVER : 2 - WINNIPEG : 1.
3:49 of 2nd period - Nick Schmaltz wins face-off versus Nic Dowd in neutral zone.
4:05 of 2nd period - Minor Penalty to Justin Braun for Holding.
4:06 of 2nd period - Jay Beagle wins face-off versus Nick Schmaltz in WINNIPEG zone.
4:25 of 2nd period - Shot by Nikolaj Ehlers.
4:25 of 2nd period - Shot Misses the Net.
4:27 of 2nd period - Shot by Sami Vatanen.
4:27 of 2nd period - Shot Misses the Net.
4:29 of 2nd period - Shot by Sami Vatanen.
4:29 of 2nd period - Stopped by Connor Hellebuyck without a rebound.
4:30 of 2nd period - Nick Schmaltz wins face-off versus J.T. Miller in WINNIPEG zone.
4:39 of 2nd period - Shot by Sami Vatanen.
4:39 of 2nd period - Shot Misses the Net.
4:41 of 2nd period - Shot by Nikolaj Ehlers.
4:41 of 2nd period - Goal by Nikolaj Ehlers - VANCOUVER : 3 - WINNIPEG : 1.
4:42 of 2nd period - Alex Ovechkin wins face-off versus Sheldon Dries in neutral zone.
4:55 of 2nd period - Shot by Loui Eriksson.
4:55 of 2nd period - Shot Misses the Net.
6:00 of 2nd period - Shot by Alex Steen.
6:00 of 2nd period - Shot Misses the Net.
6:02 of 2nd period - Shot by Sami Vatanen.
6:02 of 2nd period - Shot Blocked by Olli Maatta.
6:04 of 2nd period - Shot by Alex Steen.
6:04 of 2nd period - Stopped by Connor Hellebuyck without a rebound.
6:05 of 2nd period - Nic Dowd wins face-off versus Nikolaj Ehlers in WINNIPEG zone.
6:09 of 2nd period - Chris Tanev is hit by Nikolaj Ehlers and loses puck.
6:13 of 2nd period - Off-side.
6:14 of 2nd period - Nick Schmaltz wins face-off versus Sidney Crosby in neutral zone.
6:47 of 2nd period - Ryan Ellis is hit by Alex Ovechkin and loses puck.
7:03 of 2nd period - Icing by Erik Johnson.
7:04 of 2nd period - Jay Beagle wins face-off versus Nick Schmaltz in VANCOUVER zone.
7:28 of 2nd period - Erik Johnson is hit by Alexander Edler.
7:37 of 2nd period - Icing by Olli Maatta.
7:38 of 2nd period - Jay Beagle wins face-off versus Nazem Kadri in WINNIPEG zone.
7:38 of 2nd period - Jay Beagle is hit by Jonathan Huberdeau.
8:32 of 2nd period - TJ Brodie is hit by Patrick Kane and loses puck.
8:45 of 2nd period - Shot by Jakub Vrana.
8:45 of 2nd period - Stopped by Connor Hellebuyck without a rebound.
8:46 of 2nd period - Sidney Crosby wins face-off versus Mark Stone in WINNIPEG zone.
9:17 of 2nd period - Shot by Sidney Crosby.
9:17 of 2nd period - Stopped by Petr Mrazek without a rebound.
9:18 of 2nd period - Nic Dowd wins face-off versus Jakub Vrana in VANCOUVER zone.
9:18 of 2nd period - Nic Dowd is hit by Ryan Ellis.
9:54 of 2nd period - Ryan Ellis is hit by Antoine Roussel and loses puck.
10:29 of 2nd period - J.T. Miller is hit by Nikolaj Ehlers.
10:47 of 2nd period - Shot by Alex Ovechkin.
10:47 of 2nd period - Goal by Alex Ovechkin - VANCOUVER : 3 - WINNIPEG : 2.
10:48 of 2nd period - Patrick Kane wins face-off versus Nazem Kadri in neutral zone.
11:00 of 2nd period - Jay Beagle is hit by Luca Sbisa.
11:20 of 2nd period - Shot by Tyler Toffoli.
11:20 of 2nd period - Deflect By Patrick Kane.
11:20 of 2nd period - Stopped by Petr Mrazek with a rebound.
11:50 of 2nd period - Erik Johnson is hit by Zack MacEwen and loses puck.
11:55 of 2nd period - Shot by Marcus Pettersson.
11:55 of 2nd period - Stopped by Petr Mrazek with a rebound.
12:35 of 2nd period - Tyler Motte is hit by Erik Johnson and loses puck.
12:46 of 2nd period - Justin Braun is hit by Sheldon Dries and loses puck.
12:56 of 2nd period - Off-side.
12:57 of 2nd period - Sidney Crosby wins face-off versus Nikolaj Ehlers in neutral zone.
14:40 of 2nd period - Oscar Fantenberg is hit by Troy Brouwer and loses puck.
14:51 of 2nd period - Shot by Alex Steen.
14:51 of 2nd period - Stopped by Connor Hellebuyck without a rebound.
14:52 of 2nd period - J.T. Miller wins face-off versus Nick Schmaltz in WINNIPEG zone.
14:54 of 2nd period - Sidney Crosby is hit by Zach Parise and loses puck.
15:22 of 2nd period - Off-side.
15:23 of 2nd period - Mark Stone wins face-off versus Nic Dowd in neutral zone.
16:34 of 2nd period - Shot by Jakub Vrana.
16:34 of 2nd period - Stopped by Connor Hellebuyck without a rebound.
16:35 of 2nd period - Jay Beagle wins face-off versus Nick Schmaltz in WINNIPEG zone.
16:51 of 2nd period - Patrick Kane is hit by Ryan Ellis and loses puck.
16:58 of 2nd period - Shot by Tyler Toffoli.
16:58 of 2nd period - Deflect By Patrick Kane.
16:58 of 2nd period - Shot Misses the Net.
18:04 of 2nd period - Shot by Sidney Crosby.
18:04 of 2nd period - Stopped by Petr Mrazek with a rebound.
18:22 of 2nd period - Shot by J.T. Miller.
18:22 of 2nd period - Shot Misses the Net.
18:25 of 2nd period - Icing by Luca Sbisa.
18:26 of 2nd period - Sheldon Dries wins face-off versus Nic Dowd in VANCOUVER zone.
19:39 of 2nd period - Shot by Nick Schmaltz.
19:39 of 2nd period - Shot Misses the Net.
19:41 of 2nd period - Shot by Ryan Ellis.
19:41 of 2nd period - Stopped by Connor Hellebuyck with a rebound.
19:49 of 2nd period - Shot by Zach Parise.
19:49 of 2nd period - Stopped by Connor Hellebuyck without a rebound.
19:50 of 2nd period - Nazem Kadri wins face-off versus Sidney Crosby in WINNIPEG zone.
19:59 of 2nd period - Shot by Mark Stone.
19:59 of 2nd period - Shot Blocked by Chris Tanev.
Goals for this period are 1 for VANCOUVER vs 2 for WINNIPEG.
Shots for this period are 8 for VANCOUVER vs 7 for WINNIPEG.

3rd period


0:01 of 3rd period - Patrick Kane wins face-off versus Nazem Kadri in neutral zone.
0:01 of 3rd period - Alexander Edler is hit by Nazem Kadri and loses puck.
0:13 of 3rd period - Shot by Tyler Toffoli.
0:13 of 3rd period - Stopped by Petr Mrazek without a rebound.
0:14 of 3rd period - Nick Schmaltz wins face-off versus Sidney Crosby in VANCOUVER zone.
0:33 of 3rd period - Shot by Hampus Lindholm.
0:33 of 3rd period - Shot Blocked by Oscar Fantenberg.
0:35 of 3rd period - Shot by Nick Schmaltz.
0:35 of 3rd period - Shot Misses the Net.
0:38 of 3rd period - Icing by Oscar Fantenberg.
0:39 of 3rd period - Nazem Kadri wins face-off versus Sidney Crosby in WINNIPEG zone.
0:44 of 3rd period - Shot by Mark Stone.
0:44 of 3rd period - Stopped by Connor Hellebuyck with a rebound.
0:55 of 3rd period - Sidney Crosby is hit by Erik Johnson.
1:01 of 3rd period - Shot by Sidney Crosby.
1:01 of 3rd period - Deflect By Alex Ovechkin.
1:01 of 3rd period - Shot Blocked by Ryan Ellis.
1:24 of 3rd period - Patrick Kane is hit by Jonathan Huberdeau and loses puck.
1:30 of 3rd period - Alexander Edler is hit by Erik Johnson and loses puck.
1:35 of 3rd period - Shot by Patrick Kane.
1:35 of 3rd period - Deflect By Tyler Toffoli.
1:35 of 3rd period - Stopped by Petr Mrazek with a rebound.
2:05 of 3rd period - Icing by Tyler Motte.
2:06 of 3rd period - Nick Schmaltz wins face-off versus Nic Dowd in WINNIPEG zone.
2:06 of 3rd period - Nick Schmaltz is hit by Dan Hamhuis.
2:10 of 3rd period - Shot by Nikolaj Ehlers.
2:10 of 3rd period - Shot Misses the Net.
2:16 of 3rd period - Shot by Zach Parise.
2:16 of 3rd period - Shot Blocked by Nic Dowd.
2:18 of 3rd period - Shot by Nick Schmaltz.
2:18 of 3rd period - Deflect By Nikolaj Ehlers.
2:18 of 3rd period - Shot Blocked by Olli Maatta.
2:30 of 3rd period - Shot by Nick Schmaltz.
2:30 of 3rd period - Stopped by Connor Hellebuyck with a rebound.
2:32 of 3rd period - Shot by Zach Parise.
2:32 of 3rd period - Goal by Zach Parise - VANCOUVER : 4 - WINNIPEG : 2.
2:33 of 3rd period - Sheldon Dries wins face-off versus Sidney Crosby in neutral zone.
2:41 of 3rd period - Jakub Vrana is hit by Oscar Fantenberg.
2:59 of 3rd period - Off-side.
3:00 of 3rd period - Jay Beagle wins face-off versus Nick Schmaltz in neutral zone.
3:27 of 3rd period - Shot by Patrick Kane.
3:27 of 3rd period - Stopped by Petr Mrazek without a rebound.
3:28 of 3rd period - Sheldon Dries wins face-off versus Sidney Crosby in VANCOUVER zone.
3:28 of 3rd period - Sheldon Dries is hit by Alex Ovechkin.
3:38 of 3rd period - Shot by Jakub Vrana.
3:38 of 3rd period - Shot Blocked by J.T. Miller.
3:40 of 3rd period - Shot by Melker Karlsson.
3:40 of 3rd period - Stopped by Connor Hellebuyck without a rebound.
3:41 of 3rd period - Tyler Motte wins face-off versus Mark Stone in WINNIPEG zone.
3:55 of 3rd period - Shot by Mark Stone.
3:55 of 3rd period - Deflect By Alex Steen.
3:55 of 3rd period - Shot Blocked by Oscar Fantenberg.
4:09 of 3rd period - Shot by Mark Stone.
4:09 of 3rd period - Stopped by Connor Hellebuyck without a rebound.
4:10 of 3rd period - Patrick Kane wins face-off versus Zach Parise in WINNIPEG zone.
4:53 of 3rd period - Hampus Lindholm is hit by Jay Beagle and loses puck.
5:37 of 3rd period - Mark Stone is hit by Alex Ovechkin and loses puck.
6:32 of 3rd period - Off-side.
6:33 of 3rd period - Jay Beagle wins face-off versus Sheldon Dries in neutral zone.
7:05 of 3rd period - Melker Karlsson is hit by Marcus Pettersson and loses puck.
7:19 of 3rd period - Icing by Marcus Pettersson.
7:20 of 3rd period - Jay Beagle wins face-off versus Nick Schmaltz in WINNIPEG zone.
8:34 of 3rd period - Minor Penalty to J.T. Miller for Hooking.
8:35 of 3rd period - Nazem Kadri wins face-off versus Antoine Roussel in WINNIPEG zone.
8:51 of 3rd period - Icing by Nazem Kadri.
8:52 of 3rd period - Tyler Motte wins face-off versus Nazem Kadri in VANCOUVER zone.
9:21 of 3rd period - Icing by Ryan Ellis.
9:22 of 3rd period - Nazem Kadri wins face-off versus Jay Beagle in VANCOUVER zone.
9:38 of 3rd period - Icing by Nikolaj Ehlers.
9:39 of 3rd period - Tyler Toffoli wins face-off versus Nick Schmaltz in VANCOUVER zone.
9:44 of 3rd period - Shot by Tyler Toffoli.
9:44 of 3rd period - Stopped by Petr Mrazek without a rebound.
9:45 of 3rd period - Jay Beagle wins face-off versus Nick Schmaltz in VANCOUVER zone.
9:56 of 3rd period - Shot by Zach Parise.
9:56 of 3rd period - Stopped by Connor Hellebuyck with a rebound.
9:58 of 3rd period - Shot by Sami Vatanen.
9:58 of 3rd period - Shot Misses the Net.
10:04 of 3rd period - Shot by Nick Schmaltz.
10:04 of 3rd period - Shot Misses the Net.
10:14 of 3rd period - Shot by Zach Parise.
10:14 of 3rd period - Shot Misses the Net.
11:28 of 3rd period - Jakub Vrana is hit by Zack MacEwen and loses puck.
12:39 of 3rd period - Shot by Jonathan Huberdeau.
12:39 of 3rd period - Goal by Jonathan Huberdeau - VANCOUVER : 5 - WINNIPEG : 2.
12:40 of 3rd period - Nick Schmaltz wins face-off versus Alex Ovechkin in neutral zone.
12:57 of 3rd period - Shot by Nick Schmaltz.
12:57 of 3rd period - Stopped by Connor Hellebuyck without a rebound.
12:58 of 3rd period - Mark Stone wins face-off versus Nic Dowd in WINNIPEG zone.
13:11 of 3rd period - Shot by Nic Dowd.
13:11 of 3rd period - Shot Blocked by Ryan Ellis.
13:54 of 3rd period - Off-side.
13:55 of 3rd period - Sidney Crosby wins face-off versus Nick Schmaltz in neutral zone.
14:28 of 3rd period - Shot by Zach Parise.
14:28 of 3rd period - Deflect By Nick Schmaltz.
14:28 of 3rd period - Shot Misses the Net.
14:30 of 3rd period - Shot by Nick Schmaltz.
14:30 of 3rd period - Shot Misses the Net.
14:32 of 3rd period - Shot by Hampus Lindholm.
14:32 of 3rd period - Stopped by Connor Hellebuyck without a rebound.
14:33 of 3rd period - Jay Beagle wins face-off versus Nazem Kadri in WINNIPEG zone.
14:52 of 3rd period - Shot by Mark Stone.
14:52 of 3rd period - Shot Misses the Net.
14:54 of 3rd period - Shot by Mark Stone.
14:54 of 3rd period - Stopped by Connor Hellebuyck without a rebound.
14:55 of 3rd period - Sheldon Dries wins face-off versus Zack MacEwen in WINNIPEG zone.
15:00 of 3rd period - Shot by Jakub Vrana.
15:00 of 3rd period - Stopped by Connor Hellebuyck without a rebound.
15:01 of 3rd period - Sidney Crosby wins face-off versus Sheldon Dries in WINNIPEG zone.
15:41 of 3rd period - Hampus Lindholm is hit by Alexander Edler and loses puck.
16:06 of 3rd period - Shot by Patrick Kane.
16:06 of 3rd period - Shot Misses the Net.
17:07 of 3rd period - Shot by Nic Dowd.
17:07 of 3rd period - Shot Misses the Net.
17:31 of 3rd period - Shot by Loui Eriksson.
17:31 of 3rd period - Goal by Loui Eriksson - VANCOUVER : 5 - WINNIPEG : 3.
17:32 of 3rd period - Nazem Kadri wins face-off versus Sidney Crosby in neutral zone.
17:35 of 3rd period - Shot by Erik Johnson.
17:35 of 3rd period - Stopped by Connor Hellebuyck without a rebound.
17:36 of 3rd period - Mark Stone wins face-off versus Jay Beagle in WINNIPEG zone.
17:49 of 3rd period - Shot by Nazem Kadri.
17:49 of 3rd period - Shot Blocked by Chris Tanev.
18:41 of 3rd period - Sidney Crosby is hit by Erik Johnson and loses puck.
19:03 of 3rd period - Minor Penalty to TJ Brodie for Hooking.
19:04 of 3rd period - Zach Parise wins face-off versus Sidney Crosby in VANCOUVER zone.
19:25 of 3rd period - Shot by Alex Ovechkin.
19:25 of 3rd period - Shot Misses the Net.
19:27 of 3rd period - Shot by Alexander Edler.
19:27 of 3rd period - Shot Misses the Net.
19:29 of 3rd period - Shot by Alexander Edler.
19:29 of 3rd period - Shot Misses the Net.
19:31 of 3rd period - Shot by Alexander Edler.
19:31 of 3rd period - Stopped by Petr Mrazek without a rebound.
19:32 of 3rd period - Jay Beagle wins face-off versus Mark Stone in VANCOUVER zone.
19:33 of 3rd period - Shot by Marcus Pettersson.
19:33 of 3rd period - Shot Misses the Net.
19:40 of 3rd period - Icing by J.T. Miller.
19:41 of 3rd period - Jay Beagle wins face-off versus Mark Stone in WINNIPEG zone.
Goals for this period are 2 for VANCOUVER vs 1 for WINNIPEG.
Shots for this period are 12 for VANCOUVER vs 6 for WINNIPEG.